 Dungeon Crawl Stone Soup version 0.22.1-5-g62c59d9 (webtiles) character file.

347 nicolaieve the Basher (level 6, -4/76 HPs)
             Began as a Minotaur Berserker on Jan 13, 2019.
             Was a Priest of Trog.
             Slain by an orc warrior
             ... wielding a +0 war axe
              (7 damage)
             ... on level 4 of the Dungeon.
             The game lasted 00:13:42 (3680 turns).

nicolaieve the Basher (Minotaur Berserker)          Turns: 3680, Time: 00:13:43

Health: -4/76      AC: 12    Str: 28    XL:     6   Next: 33%
Magic:  5/5        EV:  7    Int:  5    God:    Trog [***...]
Gold:   182        SH:  4    Dex:  9    Spells: 5/5 levels left

rFire    . . .     SeeInvis .   x - +1 whip (pain)
rCold    . . .     Gourm    .   r - +0 buckler
rNeg     . . .     Faith    .   p - +0 plate armour
rPois    .         Spirit   .   (helmet restricted)
rElec    .         Reflect  .   j - scarf {cloud immunity}
rCorr    .         Harm     .   (no gloves)
MR       .....                  t - +0 pair of boots
Stlth    ..........             (no amulet)
HPRegen  0.22/turn              v - ring of flight
MPRegen  0.09/turn              (no ring)

@: berserking, very quick
A: retaliatory headbutt, horns 2
a: Berserk, Trog's Hand, Renounce Religion, Evoke Flight


You were on level 4 of the Dungeon.
You worshipped Trog.
Trog was most pleased with you.
You were very hungry.

You visited 1 branch of the dungeon, and saw 4 of its levels.

You collected 182 gold pieces.

Inventory:

Hand Weapons
 q - a +0 hunting sling
 x - a +1 whip of pain (weapon)
Missiles
 f - 160 stones (quivered)
 h - 66 sling bullets
Armour
 j - a scarf of cloud immunity (worn)
 p - a +0 plate armour (worn)
 r - a +0 buckler (worn)
 t - a +0 pair of boots (worn)
Jewellery
 v - a ring of flight (left hand)
Wands
 w - a wand of disintegration (9)
 y - a wand of acid (4)
 B - a wand of digging (10)
Scrolls
 d - 3 scrolls of fear {unknown}
 e - a scroll of random uselessness {unknown}
 m - 4 scrolls of remove curse {unknown}
 n - 5 scrolls of identify {unknown}
 u - a scroll of teleportation {unknown}
Potions
 a - 4 potions of curing {unknown}
 g - a potion of resistance {unknown}
 i - 3 potions of mutation {unknown}
 l - a potion of degeneration {unknown}
 o - a potion of flight {unknown}
 s - 2 potions of heal wounds {unknown}
 z - a potion of ambrosia {unknown}
Comestibles
 b - 2 chunks of flesh
 c - 6 rations


   Skills:
 - Level 3.6 Fighting
 + Level 8.0 Maces & Flails
 - Level 2.4 Armour
 - Level 2.1 Dodging
 * Level 3.0 Shields


You had 5 spell levels left.
You didn't know any spells.
Your spell library was empty.

Dungeon Overview and Level Annotations

Branches:
Dungeon (4/15)             Temple (0/1) D:4

Altars:
Sif Muna
Zin
The Shining One

Annotations:
D:4 4 runed doors


Innate Abilities, Weirdness & Mutations

You reflexively headbutt those who attack you in melee.
You have a pair of horns on your head.


Message History

Your plate armour prevents you from hitting the orc warrior.
The orc warrior is moderately wounded.
You closely miss the orc warrior.
You headbutt the orc warrior, but do no damage.
The orc warrior is moderately wounded.
The orc warrior hits you with a war axe!
* * * LOW HITPOINT WARNING * * *
You closely miss the orc warrior.
You headbutt the orc warrior, but do no damage.
The orc warrior is moderately wounded.
The orc warrior hits you with a war axe!
* * * LOW HITPOINT WARNING * * *
Unknown command.
A red film seems to cover your vision as you go berserk!
You feel yourself moving faster!
You feel mighty!
You are feeling very hungry.
You hit the orc warrior. Your headbutt misses the orc warrior.
The orc warrior is heavily wounded.
The orc warrior hits you with a war axe!
You die...

.......## ##......#
..#.....# #....[#.#
#...###'# #'###...#
#..##...######.#.##..#
#..#.#.##|##|##.#.#..###
#..#.##.#.# ..###.#....#
##.#.#)##.# #..#.#.##.#
##.#.###..##%##o#.#..#.#
#..##....####...@##....#
#...######..######.....#
..#....................#
######.####.####.....#.#
#......# #....##.# #
######.# #.#.###.# #
#.####.#.# #.# #
######......#.# #.# #
#.............# #.#


You could see an orc warrior.

Vanquished Creatures
  A crimson imp (D:4)
  A hound (D:4)
  Jessica (D:3)
  A worker ant (D:3)
  Robin (D:3)
  6 adders
  4 gnolls (D:4)
  3 worms
  4 dart slugs
  2 leopard geckos
  6 orcs
  4 ball pythons (D:1)
  3 giant cockroaches
  21 goblins
  11 hobgoblins
  9 jackals
  10 kobolds
  A quokka (D:2)
  6 bats
  3 frilled lizards (D:1)
  7 rats
105 creatures vanquished.

Notes
Turn   | Place    | Note
-------+----------+-------------------------------------------
     0 | D:1      | nicolaieve the Minotaur Berserker began the quest for the
                  | Orb.
     0 | D:1      | Reached XP level 1. HP: 19/19 MP: 0/0
   131 | D:1      | Reached skill level 4 in Maces & Flails
   213 | D:1      | Reached XP level 2. HP: 24/26 MP: 1/1
   665 | D:2      | Reached skill level 5 in Maces & Flails
   672 | D:2      | Found a glowing golden altar of the Shining One.
   674 | D:2      | Reached XP level 3. HP: 23/31 MP: 2/2
  1076 | D:2      | Reached ** piety under Trog
  1328 | D:2      | Reached skill level 1 in Shields
  1328 | D:2      | Reached XP level 4. HP: 39/39 MP: 3/3
  1466 | D:3      | Reached skill level 6 in Maces & Flails
  1484 | D:3      | Noticed Jessica
  1487 | D:3      | Killed Jessica
  1563 | D:3      | Reached XP level 5. HP: 41/45 MP: 4/4
  1746 | D:3      | Reached *** piety under Trog
  2533 | D:3      | Reached skill level 7 in Maces & Flails
  2624 | D:3      | Noticed Robin
  2639 | D:3      | Killed Robin
  3136 | D:4      | Found a large runed door.
  3137 | D:4      | Found a large runed door.
  3169 | D:4      | Reached XP level 6. HP: 51/51 MP: 5/5
  3199 | D:4      | Found a staircase to the Ecumenical Temple.
  3397 | D:4      | Found a large runed door.
  3398 | D:4      | Found a large runed door.
  3518 | D:4      | Found a deep blue altar of Sif Muna.
  3518 | D:4      | Found a glowing silver altar of Zin.
  3661 | D:4      | Noticed an orc warrior
  3663 | D:4      | Reached skill level 8 in Maces & Flails
  3678 | D:4      | HP: 2/51 [orc warrior/war axe (11)]
  3680 | D:4      | Slain by an orc warrior

Skill      XL: |  1  2  3  4  5  6 |
---------------+-------------------+-----
Maces & Flails | 4 5 6 7 8 |  8.0
Shields        | 1 2 3 |  3.0
Fighting       | |  3.6
Armour         | |  2.4
Dodging        | |  2.1

Action                   |  1- 3 |  4- 6 || total
-------------------------+-------+-------++-------
Melee: Mace              |    82 |    48 ||   130
       Headbutt          |     9 |    22 ||    31
       Whip              |       |   121 ||   121
Invok: Berserk           |       |     2 ||     2
       Trog's Hand       |       |     1 ||     1
  Eat: Chunk             |     1 |     9 ||    10
Armor: Animal skin       |     1 |       ||     1
       Plate armour      |    53 |   103 ||   156
       Leather armour    |     5 |       ||     5
Dodge: Dodged            |    43 |    51 ||    94
Block: Buckler           |     5 |    25 ||    30
